Map: NeoSchool - LOTV Graveside

Players

Hasuokami - Winner!

  • Race: Zerg Zerg
  • Spawn Location: 5:00

Computer 2

  • Race: Terran Terran
  • Spawn Location: 11:00

VOD

Have the link to the VOD?

Description

Time

  • Played on: Jan. 3, 2016, 8:25 a.m.
  • Length: 8:14
Show
View Real Time Build Order
Export as new Build Order

Hasuokami Zerg - Winner!

Build Orders: Hatch First 

Get SALT Encoding   

  12  0:01  Drone  
  13  0:08  Drone  
  14  0:15  Extractor  
  14  0:16  Drone  
  15  0:40  Hatchery  
  14  0:44  Drone, Extractor  
  15  0:56  Spawning Pool  
  14  1:05  Extractor  
  14  1:07  Drone x2, Extractor  
  16  1:15  Overlord  
  16  1:33  Drone  
  16  1:34  Drone  
  18  1:41  Drone  
  18  1:44  Queen  
  21  1:51  Queen  
  21  1:52  Overlord  
  23  1:56  Zergling x2  
  24  2:02  Drone  
  24  2:04  Drone  
  26  2:11  Drone  
  26  2:14  Drone  
  28  2:24  Drone  
  28  2:25  Drone  
  30  2:34  Queen x2  
  30  2:35  Overlord  
  30  2:36  Overlord  
  34  2:46  Drone x2  
  36  2:54  Drone  
  37  2:58  Drone  
  37  2:59  Drone x2, Extractor x2  
  37  3:02  Drone  
  37  3:03  Extractor x2  
  37  3:04  Drone  
  38  3:16  Overlord  
  38  3:18  Drone  
  38  3:19  Drone x2  
  41  3:28  Drone  
  41  3:30  Drone  
  43  3:46  Drone x3  
  43  3:48  Drone x3  
  49  3:57  Lair  
  49  4:03  Roach Warren  
  49  4:05  Hatchery  
  49  4:08  Evolution Chamber  
  49  4:09  Drone x3  
  50  4:10  Evolution Chamber, Drone  
  50  4:17  Drone  
  50  4:26  Drone  
  50  4:27  Drone, Overlord  
  50  4:28  Overlord  
  50  4:29  Overlord  
  52  4:42  Zerg Missile Weapons Level 1, Zerg Ground Armor Level 1  
  54  4:45  Roach  
  54  4:46  Roach x3  
  54  4:49  Roach  
  62  4:55  Glial Reconstitution  
  62  5:06  Queen  
  64  5:07  Overlord x2  
  64  5:09  Roach x2  
  64  5:12  Roach  
  70  5:29  Roach  
  70  5:30  Roach x5  
  82  5:40  Drone  
  82  5:42  Queen  
  85  5:44  Overlord  
  85  5:47  Roach  
  87  6:08  Roach  
  87  6:09  Roach x5  
  99  6:28  Roach  
  99  6:29  Roach x3  
  103  7:06  Roach x5  
  113  7:09  Overlord  
  113  7:13  Overlord x4  
  113  7:21  Overlord x2  
  113  7:27  Hatchery  
  113  7:28  Hatchery  
  111  7:33  Drone x9  
  120  7:39  Roach x2  
  124  7:51  Roach x5, Extractor  
  130  7:52  Roach, Extractor  
Show
View Real Time Build Order
Export as new Build Order

Computer 2 Terran 

Build Orders: Reaper Expand 

Get SALT Encoding   

  12  0:10  Supply Depot  
  12  0:27  SCV  
  13  0:34  Barracks  
  13  0:39  SCV  
  14  1:07  Command Center  
  14  1:20  Marine  
  14  1:22  Orbital Command  
  15  1:32  Supply Depot  
  15  1:38  Refinery  
  15  1:48  SCV  
  15  1:50  Refinery  
  16  2:00  SCV  
  17  2:12  SCV  
  18  2:18  Reaper  
  18  2:19  SCV  
  20  2:27  SCV  
  21  2:38  Factory  
  21  2:53  SCV  
  22  3:00  SCV  
  23  3:07  SCV  
  24  3:12  Marine  
  24  3:15  Refinery  
  25  3:22  Factory Tech Lab  
  25  3:25  SCV  
  26  3:32  SCV  
  27  3:39  SCV  
  28  3:47  SCV  
  29  3:54  SCV  
  30  3:55  Starport  
  30  4:07  Marine  
  31  4:12  SCV  
  32  4:21  Supply Depot  
  32  4:23  SCV  
  33  4:27  Barracks Tech Lab  
  33  4:30  SCV  
  34  4:33  Starport Tech Lab  
  34  4:37  SCV  
  35  4:44  SCV  
  36  4:51  Supply Depot, SCV  
  37  4:53  Raven  
  37  4:58  SCV  
  40  5:01  Marine  
  40  5:06  SCV  
  42  5:13  SCV  
  43  5:20  SCV  
  44  5:27  SCV, Refinery  
  45  5:30  Supply Depot  
  45  5:34  SCV  
  46  5:36  Raven  
  46  5:42  SCV  
  49  5:56  Marauder  
  51  6:27  SCV  
  51  6:48  Unknown  
  51  6:50  SCV, Marine  
  45  7:02  SCV  
  45  7:07  Supply Depot  
  42  7:10  SCV  
  34  7:17  SCV  
  34  7:19  Viking  
  30  7:24  SCV  
  26  7:31  SCV  
  24  7:45  Barracks  
  24  7:46  SCV  
  26  7:52  Supply Depot  
  21  7:58  SCV  
Tags
 
Add a new tag
Caveats
  • Supply blocks, unpowered buildings, or Contaminate may cause inaccurate times.
  • Supply counts are checked every 10 seconds.